 Dungeon Sprint DCSS version 0.20.1-1-g8b1a95d (webtiles) character file.

1088 Lanoc the Destroyer (level 8, -1/51 HPs)
             Began as an Octopode Conjurer on Nov 28, 2017.
             Was a Follower of Vehumet.
             Slain by a demonic crawler (2 damage)
             ... in the Dungeon (Sprint I: "Red Sonja").
             The game lasted 00:05:51 (634 turns).

Lanoc the Destroyer (Octopode Conjurer)              Turns: 634, Time: 00:05:53

Health: -1/51      AC:  1    Str:  7    XL:     8   Next: 30%
Magic:  11/16      EV: 17    Int: 19    God:    Vehumet [*.....]
Gold:   270        SH:  0    Dex: 13    Spells: 3/18 levels left

rFire    . . .     SeeInvis .   k - +0 scythe
rCold    . . .     Gourm    .   (shield currently unavailable)
rNeg     . . .     Faith    .   (helmet restricted)
rPois    .         Spirit   .   (no amulet)
rElec    .         Reflect  .   (no ring)
rCorr    .         Harm     .   (no ring)
MR       .....     NoTele   +   (no ring)
Stlth    +++++.....             (no ring)
Regen    0.2/turn               (no ring)
MPRegen  0.2/turn               (no ring)
                                (no ring)
                                (no ring)

@: no status effects
A: almost no armour, stealthy swim, amphibious, 8 rings, constrict 8, camouflage
1, gelatinous body 1
a: Renounce Religion


You were in the Dungeon.
You worshipped Vehumet.
Vehumet was aware of your devotion.
You were not hungry.

You visited 1 branch You collected 270 gold pieces.

Inventory:

Hand Weapons
 k - a +0 scythe (weapon)
Wands
 d - a wand of random effects (16/48)
Scrolls
 h - a scroll of blinking
Potions
 c - a potion of curing
 e - a potion of haste
 f - 2 potions of magic
 g - a potion of berserk rage
 i - a potion of brilliance {unknown}
Books
 a - a book of Conjurations

   Spells                             Type                      Level
   a - Magic Dart                     Conjuration                  1
   b - Searing Ray                    Conjuration                  2
   c - Dazzling Spray                 Conjuration/Hexes            3
   d - Fulminant Prism                Conjuration/Hexes            4
   e - Force Lance                    Conjuration/Translocation    4
   f - Iskenderun's Mystic Blast      Conjuration                  4
Comestibles
 b - a bread ration


   Skills:
 + Level 2.8 Fighting
 + Level 2.2 Polearms
 + Level 6.8 Dodging
 + Level 7.5 Stealth
 + Level 1.7 Unarmed Combat
 + Level 5.5 Spellcasting
 + Level 14.0 Conjurations


You had 3 spell levels left.
You knew the following spells:

 Your Spells              Type           Power        Failure   Level  Hunger
a - Magic Dart            Conj           ####         1%          1    None
b - Searing Ray           Conj           ######       1%          2    None
c - Force Lance           Conj/Tloc      ####....     6%          4    ####...
d - Dazzling Spray        Conj/Hex       ####..       1%          3    ##.....
e - Iskenderun's Mystic   Conj           ######..     1%          4    ####...
f - Freeze                Ice            #...         12%         1    None


Dungeon Overview and Level Annotations

Branches:
Dungeon (1/1)

Altars:
Makhleb
Sif Muna
Vehumet
Xom
Jiyva
Lugonu


Innate Abilities, Weirdness & Mutations

You cannot wear most types of armour.
You are very stealthy in the water. (Stealth+)
You are amphibious.
You can wear up to eight rings at the same time.
You can use your tentacles to constrict eight enemies at once.
Your skin changes colour to match your surroundings (Stealth+).
Your rubbery body absorbs attacks. (AC +1, EV +1)


Message History

The demonic crawler gives a hideous shriek! (Press . to maintain the ray.)
The demonic crawler gives a hideous shriek! x3
The searing ray hits the demonic crawler.
The demonic crawler is lightly wounded.
The demonic crawler hits you! The demonic crawler closely misses you.
The demonic crawler hits you!
The searing ray hits the demonic crawler.
The demonic crawler is moderately wounded.
The demonic crawler hits you! x2
* * * LOW HITPOINT WARNING * * *
The demonic crawler closely misses you.
The searing ray hits the demonic crawler.
The demonic crawler is moderately wounded.
The searing ray hits the demonic crawler.
The demonic crawler is lightly wounded.
You finish channeling your searing ray.
The demonic crawler hits you!
* * * LOW HITPOINT WARNING * * *
The demonic crawler barely misses you. The demonic crawler hits you.
You die...

###################
..#..'..#__#..'...#
..[..#..'..)..#.s.##+#
#'#####'#__####.@sss.#
..# #(#### #####..+
### ##[# ## #+#..+
+..._# #_.#+# ##+#


You could see 4 demonic crawlers.

Vanquished Creatures
  2 kobold demonologists (D)
  A slime creature (D)
  Sigmund (D)
  A floating eye (D)
  An ogre (D)
  A jelly (D)
  Ijyb (D)
8 creatures vanquished.

Vanquished Creatures (others)
  A gargoyle (D)
1 creature vanquished.

Grand Total: 9 creatures vanquished

Notes
Turn   | Place    | Note
-------+----------+-------------------------------------------
     0 | D        | Lanoc the Octopode Conjurer began the quest for the Orb.
     0 | D        | Reached XP level 1. HP: 11/11 MP: 3/3
     1 | D        | Noticed Ijyb
    15 | D        | Killed Ijyb
    15 | D        | Reached skill level 6 in Conjurations
    15 | D        | Reached XP level 2. HP: 17/17 MP: 0/5
    15 | D        | Reached XP level 3. HP: 21/21 MP: 0/6
    23 | D        | Learned a level 2 spell: Searing Ray
    69 | D        | Noticed an ogre
    74 | D        | Killed an ogre
    74 | D        | Reached skill level 8 in Conjurations
    74 | D        | Reached XP level 4. HP: 27/27 MP: 2/8
    93 | D        | Learned a level 4 spell: Force Lance
   135 | D        | Noticed Sigmund
   145 | D        | Killed Sigmund
   145 | D        | Reached skill level 1 in Fighting
   145 | D        | Reached skill level 5 in Stealth
   145 | D        | Reached skill level 1 in Unarmed Combat
   145 | D        | Reached skill level 11 in Conjurations
   145 | D        | Reached XP level 5. HP: 27/33 MP: 0/11
   145 | D        | Reached XP level 6. HP: 31/38 MP: 0/12
   204 | D        | Learned a level 3 spell: Dazzling Spray
   215 | D        | Found a deep blue altar of Sif Muna.
   217 | D        | Found a radiant altar of Vehumet.
   230 | D        | Became a worshipper of Vehumet
   265 | D        | Found a burning altar of Makhleb.
   265 | D        | Found a viscous altar of Jiyva.
   265 | D        | Found a shimmering altar of Xom.
   265 | D        | Found a corrupted altar of Lugonu.
   265 | D        | Noticed a slime creature
   276 | D        | Killed a slime creature
   276 | D        | Reached skill level 1 in Polearms
   276 | D        | Reached skill level 5 in Dodging
   276 | D        | Reached skill level 12 in Conjurations
   276 | D        | Reached XP level 7. HP: 11/43 MP: 6/14
   283 | D        | Killed a gargoyle
   506 | D        | Learned a level 4 spell: Iskenderun's Mystic Blast
   518 | D        | Noticed a kobold demonologist
   520 | D        | Noticed a kobold demonologist
   524 | D        | Noticed a hellwing
   525 | D        | Noticed a chaos spawn
   531 | D        | Noticed a rust devil
   531 | D        | Killed a kobold demonologist
   531 | D        | Reached * piety under Vehumet
   531 | D        | Offered knowledge of Freeze by Vehumet.
   531 | D        | Reached skill level 5 in Spellcasting
   531 | D        | Reached skill level 13 in Conjurations
   533 | D        | Killed a kobold demonologist
   533 | D        | Reached skill level 14 in Conjurations
   533 | D        | Reached XP level 8. HP: 40/51 MP: 2/16
   598 | D        | Learned a level 1 spell: Freeze
   629 | D        | Noticed a demonic crawler
   629 | D        | Noticed a demonic crawler
   629 | D        | Noticed a demonic crawler
   629 | D        | Noticed a demonic crawler
   634 | D        | HP: 1/51 [demonic crawler (12)]
   634 | D        | Slain by a demonic crawler

Skill      XL: |  1  2  3  4  5  6  7 |
---------------+----------------------+-----
Stealth        | 3 4 5 6 7 |  7.5
Conjurations   | 6 8 11 12 14 | 14.0
Dodging        | 3 4 5 6 |  6.8
Spellcasting   | 3 4 5 |  5.5
Fighting       | 1 2 |  2.8
Unarmed Combat | 1 |  1.7
Polearms       | 1 2 |  2.2

Action                   |  1- 3 |  4- 6 |  7- 9 || total
-------------------------+-------+-------+-------++-------
Melee: Unarmed           |     8 |     2 |       ||    10
       Tentacles         |     3 |       |       ||     3
       Constrict         |     1 |     1 |     1 ||     3
       Scythe            |       |     1 |     1 ||     2
 Cast: Magic Dart        |     3 |       |       ||     3
       Searing Ray       |     1 |     5 |     4 ||    10
       Iskenderun's Myst |       |       |     1 ||     1
  Use: Potion            |     1 |       |       ||     1
Armor: Skin              |     2 |       |     2 ||     4
Dodge: Dodged            |     5 |     4 |    20 ||    29
